 Dungeon Crawl Stone Soup version 0.18.1-50-g88ac8fd (webtiles) character file.

138 Nordron the Changer (level 5, -5/33 HPs)
             Began as an Octopode Transmuter on Oct 1, 2016.
             Slain by an orc priest
             ... wielding a +0 war axe
              (11 damage)
             ... on level 3 of the Dungeon.
             The game lasted 00:08:06 (3203 turns).

Nordron the Changer (Octopode Transmuter)           Turns: 3203, Time: 00:08:07

Health: -5/33      AC:  1    Str:  9    XL:     5   Next: 21%
Magic:  8/8        EV: 12    Int: 15    God:
Gold:   73         SH:  0    Dex: 14    Spells: 2 memorised, 4 levels left

rFire  . . .     SeeInvis .     d - +1 whip (holy)
rCold  . . .     Gourm    .     (no shield)
rNeg   . . .     Faith    .     (helmet restricted)
rPois  .         Spirit   .     (no amulet)
rElec  .         Dismiss  .     o - ring of flight
rCorr  .         Reflect  .     t - ring of loudness (curse)
SustAt .         Harm     .     (no ring)
MR     .....                    (no ring)
Stlth  +.........               (no ring)
                                (no ring)
                                (no ring)
                                (no ring)

@: appendage, not resistant to hostile enchantments, very unstealthy
A: almost no armour, amphibious, 8 rings, constrict 8, tentacle spike 3,
camouflage 1, gelatinous body 1
a: End Transformation, Evoke Flight


You were on level 3 of the Dungeon.
You were not hungry.
One of your tentacles had a temporary spike.
You visited 1 branch of the dungeon, and saw 3 of its levels.

You collected 73 gold pieces.

Inventory:

Hand Weapons
 d - a +1 whip of holy wrath (weapon)
Missiles
 a - 35 arrows
Armour
 e - a +0 large shield
Jewellery
 o - a ring of flight (left tentacle)
 t - a cursed ring of loudness (right tentacle)
Scrolls
 f - a scroll of magic mapping {unknown}
 g - a scroll of enchant armour {unknown}
 h - a scroll of teleportation {unknown}
 i - 2 scrolls of fear {unknown}
 k - a scroll of random uselessness {unknown}
 l - 2 scrolls of remove curse {unknown}
 r - 2 scrolls of identify {unknown}
Potions
 j - a potion of curing
 q - 3 potions of heal wounds {unknown}
 s - a potion of might {unknown}
Books
 b - a book of Changes

   Spells                             Type                      Level
   a - Beastly Appendage              Transmutation                1
   b - Sticks to Snakes               Transmutation                2
   c - Spider Form                    Transmutation/Poison         3
   d - Ice Form                       Ice/Transmutation            4
   e - Blade Hands                    Transmutation                5
Comestibles
 c - 2 bread rations
 m - a slice of pizza
 n - 4 fruits
 p - a chunk of flesh
 u - a beef jerky


   Skills:
 - Level 1.0 Fighting
 - Level 2.0 Dodging
 - Level 3.0 Unarmed Combat
 - Level 2.0 Spellcasting
 * Level 5.2 Transmutations


You had 4 spell levels left.
You knew the following spells:

 Your Spells              Type           Power        Failure   Level  Hunger
a - Beastly Appendage     Trmt           ###...       2%          1    #......
b - Spider Form           Trmt/Pois      #.........   24%         3    ###....


Dungeon Overview and Level Annotations

Branches:
Dungeon (3/15)

Altars:
Ashenzari
Fedhas
Okawaru
Pakellas
Trog


Innate Abilities, Weirdness & Mutations

You cannot wear most types of armour.
You are amphibious.
You can wear up to eight rings at the same time.
You can use your tentacles to constrict eight enemies at once.
Your skin changes colour to match your surroundings (Stealth).
Your rubbery body absorbs attacks (AC +1).
One of your tentacles bears a large vicious spike.


Message History

You hit the hobgoblin but do no damage.
You pierce the hobgoblin.
The hobgoblin is severely wounded.
You constrict the hobgoblin, but do no damage.
The orc priest mumbles some strange prayers to Beogh against you.
Pain shoots through your body! The hobgoblin hits you with a club.
You hit the hobgoblin.
You kill the hobgoblin!
You hit the orc priest but do no damage.
You grab the orc priest.
You pierce the orc priest, but do no damage.
You constrict the orc priest. The orc barely misses you.
The orc priest hits you with a war axe!
* * * LOW HITPOINT WARNING * * *
You hit the orc priest.
You pierce the orc priest, but do no damage.
You squeeze the orc priest.
The orc priest is heavily wounded.
You constrict the orc priest, but do no damage.
The orc closely misses you. The orc priest hits you with a war axe!
You die...

############
#..........#########
#.o@........##......
#.o####..........###
#######.o.รท####......####.
#............####..####...
#..............######.....
#..............# #.....
#............### ###...
#######'...### ###. #..###
...###


You could see an orc priest and 2 orcs.

Vanquished Creatures
  5 adders
  2 oozes (D:1)
  3 worms
  A dart slug (D:2)
  A giant gecko (D:2)
  2 orcs (D:3)
  6 bats
  4 giant cockroaches
  8 goblins
  10 hobgoblins
  4 jackals (D:2)
  9 kobolds
  A quokka (D:3)
  A ball python (D:1)
  3 giant newts
  5 rats
65 creatures vanquished.

Notes
Turn   | Place    | Note
--------------------------------------------------------------
     0 | D:1      | Nordron the Octopode Transmuter began the quest for the Orb.
     0 | D:1      | Reached XP level 1. HP: 13/13 MP: 3/3
   244 | D:1      | Reached XP level 2. HP: 9/18 MP: 3/5
   485 | D:1      | Reached skill level 3 in Transmutations
   604 | D:1      | Reached XP level 3. HP: 17/23 MP: 4/6
  1150 | D:1      | Learned a level 3 spell: Spider Form
  1354 | D:2      | Reached skill level 4 in Transmutations
  1577 | D:2      | Reached XP level 4. HP: 7/28 MP: 5/7
  1789 | D:2      | Found a bloodstained altar of Trog.
  1790 | D:2      | Found a blossoming altar of Fedhas.
  2541 | D:2      | Found an iron altar of Okawaru.
  2748 | D:3      | Reached skill level 5 in Transmutations
  2748 | D:3      | Reached XP level 5. HP: 27/33 MP: 6/8
  2882 | D:3      | Found an oddly glowing altar of Pakellas.
  2952 | D:3      | Found a shattered altar of Ashenzari.
  3203 | D:3      | Slain by an orc priest

Skill      XL: |  1  2  3  4 |
---------------+-------------+-----
Transmutations | 3 4 5 |  5.2
Fighting       | |  1.0
Dodging        | |  2.0
Unarmed Combat | |  3.0
Spellcasting   | |  2.0

Action                   |  1- 3 |  4- 6 || total
-------------------------+-------+-------++-------
Melee: Unarmed           |    82 |    19 ||   101
       Kick              |    17 |    25 ||    42
       Constrict         |    15 |    22 ||    37
       Tentacles         |    10 |    16 ||    26
       Punch             |     1 |       ||     1
       Whip              |       |    57 ||    57
 Cast: Beastly Appendage |    24 |    15 ||    39
  Use: Potion            |       |     1 ||     1
 Stab: Sleeping          |     9 |     2 ||    11
  Eat: Chunk             |     2 |     6 ||     8
Armor: Skin              |     4 |     7 ||    11
Dodge: Dodged            |    35 |    41 ||    76
